 Dungeon Crawl Stone Soup version 0.31-a0-455-g1a7b003ef0 (webtiles) character file.

Game seed: 9963939189731797016

6963 CraigForest the Cleaver (level 10, -2/129 HPs)
             Began as a Minotaur Gladiator on Aug 3, 2023.
             Was a Believer of Qazlal.
             Slain by a troll (3 damage)
             ... on level 9 of the Dungeon on Aug 4, 2023.
             The game lasted 00:32:20 (6419 turns).

CraigForest the Cleaver (Minotaur Gladiator)        Turns: 6419, Time: 00:32:22

Health: -2/129     AC: 11    Str: 21    XL:     10   Next: 81%
Magic:  9/9        EV: 13    Int:  5    God:    Qazlal [**....]
Gold:   485        SH:  8    Dex: 14    Spells: 9/9 levels left

rFire   . . .        x - +9 war axe of Uskayaw's Indignation {vamp, Fragile rC+ rCorr Stlth+}
rCold   + + .        L - +0 buckler
rNeg    . . .        z - +0 ring mail {rC+}
rPois   .            O - +2 hat {Will+}
rElec   .            k - +0 cloak
rCorr   +            (no gloves)
SInv    .            A - +0 pair of boots
Will    +....        (no amulet) Stlth
                     (no ring)
HPRegen 0.41/turn    (no ring)
MPRegen 0.11/turn

%: no passive effects
@: berserking, very quick
A: horns 2, retaliatory headbutt
a: Renounce Religion, Upheaval


You were on level 9 of the Dungeon.
You worshipped Qazlal.
Qazlal was pleased with you.
You visited 2 branches of the dungeon, and saw 10 of its levels.

You collected 485 gold pieces.

Inventory:

Hand Weapons
 a - a +0 long sword
 t - a +0 morningstar
 x - the +9 war axe of Uskayaw's Indignation (weapon) {vamp, Fragile rC+ rCorr Stlth+}
   (You found it on level 6 of the Dungeon)

   rC:        It protects you from cold.
   rCorr:     It protects you from acid and corrosion.
   Fragile:   It will be destroyed if unequipped.
   Stlth:     It makes you more stealthy.
 J - the +9 whip "Acarine's Bane" {speed, Fragile Int+4}
   (You found it on level 7 of the Dungeon)

   Int:       It affects your intelligence (+4).
   Fragile:   It will be destroyed if unequipped.
Missiles
 d - 5 throwing nets
 e - a javelin
 s - 6 datura-tipped darts
 v - 5 atropa-tipped darts
 y - 7 boomerangs (quivered)
 H - 19 poisoned darts
Armour
 b - a +0 leather armour
 c - a +0 hat
 k - a +0 cloak (worn)
 z - a +0 ring mail of cold resistance (worn)
 A - a +0 pair of boots (worn)
 L - a +0 buckler (worn)
 M - a +0 hat of stealth
 O - a +2 hat of willpower (worn)
Jewellery
 q - an amulet of faith
 P - a ring of willpower
Talismans
 j - a beast talisman
 N - a maw talisman
Wands
 B - a wand of digging (3)
 G - a wand of flame (13)
Scrolls
 f - 7 scrolls of teleportation
 g - a scroll of immolation
 i - 2 scrolls of amnesia {unknown}
 m - a scroll of noise
 u - a scroll of blinking
 C - a scroll of fear {unknown}
 K - a scroll of enchant weapon {unknown}
Potions
 h - a potion of berserk rage
 l - a potion of resistance
 n - 2 potions of attraction
 o - 2 potions of brilliance
 p - a potion of ambrosia
 w - 4 potions of degeneration
 D - 2 potions of curing {unknown}
 E - a potion of enlightenment {unknown}
 F - a potion of lignification {unknown}
 I - a potion of magic {unknown}


   Skills:
 + Level 7.2 Fighting
 - Level 6.4 Long Blades
 * Level 14.7 Axes
 + Level 2.4 Throwing
 + Level 6.5 Armour
 + Level 5.8 Dodging
 - Level 1.0 Stealth
 * Level 3.9 Shields


You had 9 spell levels left.
You didn't know any spells.
Your spell library contained the following spells:

 Spells                   Type           Power      Damage    Failure   Level
 Kiss of Death            Conj/Necr      0%         2d5       71%         1
 Shock                    Conj/Air       0%         1d3       71%         1
 Ensorcelled Hibernation  Hex/Ice        0%         N/A       83%         2
 Passwall                 Tmut/Erth      0%         N/A       83%         2
 Confusing Touch          Hex            0%         N/A       97%         3
 Frozen Ramparts          Ice            0%         1d1       97%         3
 Ignite Poison            Fire/Tmut/Pois 0%         N/A       97%         3
 Swiftness                Air            0%         N/A       97%         3
 Airstrike                Air            0%         2d(0-16)  100%        4
 Dispel Undead            Necr           0%         3d6       100%        4
 Petrify                  Tmut/Erth      0%         N/A       100%        4
 Sticky Flame             Conj/Fire      0%         2d3       100%        4
 Metabolic Englaciation   Hex/Ice        0%         N/A       100%        5
 Ignition                 Fire           0%         3d3       100%        8


Dungeon Overview and Level Annotations

Branches:
Dungeon (9/15)             Temple (1/1) D:4
   Lair: D:8-11         Orc: D:9-12

Altars:
Ashenzari
Cheibriados
Dithmenos
Elyvilon
Fedhas
Gozag
Hepliaklqana
Kikubaaqudgha
Makhleb
Okawaru
Qazlal
Ru
Sif Muna
Trog
Uskayaw
Vehumet
Wu Jian
Xom
Yredelemnul
Zin
The Shining One

Shops:
D:7 (   D:9 (

Annotations:
D:5 2 transporters, CraigForest's ghost, novice TrFi
D:9 Pikel


Innate Abilities, Weirdness & Mutations

You have a pair of horns on your head.
You reflexively headbutt those who attack you in melee.


Message History

The lemure barely misses you. You furiously retaliate!
You headbutt the lemure.
You kill the lemure!
That felt strangely unrewarding.
Pikel is engulfed in freezing vapours.
Throw: 7 boomerangs
Press: ? - help, Q - select action, (/) - cycle Shift-Dir - straight line, f - death yak
Aim: a death yak (79% to hit)
You throw a boomerang. The boomerang hits the death yak!
The death yak is lightly wounded.
A troll comes into view.
You completely miss the death yak.
The death yak is lightly wounded.
You hear a shout!
You block the death yak's attack.
You hear a shout! x2
You barely miss the death yak.
The death yak is lightly wounded.
You slash the troll! You block the troll's attack. x2
The troll claws you but does no damage. You block the death yak's attack.
A kobold comes into view. It is wielding a +0 club.
You hit the death yak but do no damage.
The death yak is lightly wounded.
You closely miss the troll. You hit the death yak.
You feel better.
The death yak is lightly wounded.
You completely miss the troll. The death yak barely misses you.
The troll closely misses you. The troll claws you.
* * * LOW HITPOINT WARNING * * *
The troll claws you!
* * * LOW HITPOINT WARNING * * *
You feel much better. The death yak gores you!!
* * * LOW HITPOINT WARNING * * *
The troll barely misses you. x2; The troll claws you!
* * * LOW HITPOINT WARNING * * *
A red film seems to cover your vision as you go berserk!
You feel yourself moving faster!
You feel mighty!
A kobold comes into view. It is wielding a +0 short sword.
The death yak gores you.
* * * LOW HITPOINT WARNING * * *
The troll bites you.
You die...

#.........####.....#.#
##..................#
#..†.........†...##
#......(..#####...## .
#.........# #....##...
#.........# ##..#......
#....<....# #.5†.5.....
##.......#####5#†.5.....
##.....##KT@YK#...K....
########K#####........ #
#.####..# ... .## ...
...


You could see a death yak, Pikel, a troll, 2 lemures and 2 kobolds.

Vanquished Creatures
  Gastronok (D:8)
  A two-headed ogre (D:8)
  2 death yaks (D:9)
  Joseph (D:8)
  A troll (D:9)
  4 yaks (D:9)
  A wyvern (D:9)
  A steam dragon (D:6)
  A water moccasin (D:8)
  4 sky beasts
  3 orc warriors
  2 ice beasts (D:7)
  A black bear (D:4)
  An ogre (D:5)
  A lemure (D:9)
  2 centaurs
  3 kobold brigands
  Blork the orc (D:5)
  4 scorpions (D:5)
  4 killer bees (D:7)
  4 jellies
  4 orc priests
  A hound (D:7)
  2 gnoll boudas (D:8)
  An iron imp (D:4)
  2 iguanas
  A sleepcap (D:4)
  3 orc wizards
  9 gnolls
  5 adders
  A shadow imp (D:6)
  3 white imps
  An ufetubus (D:7)
  A worm (D:3)
  2 dart slugs (D:2)
  27 orcs
  14 ball pythons
  6 endoplasms
  A giant cockroach (D:4)
  6 goblins
  10 hobgoblins
  4 jackals (D:1)
  13 kobolds
  5 quokkas
  8 bats
  3 frilled lizards (D:3)
  8 rats
184 creatures vanquished.

Notes
Turn   | Place    | Note
-------+----------+-------------------------------------------
     0 | D:1      | CraigForest the Minotaur Gladiator began the quest for the
                  | Orb.
     0 | D:1      | Reached XP level 1. HP: 18/18 MP: 0/0
   161 | D:1      | Reached XP level 2. HP: 24/25 MP: 1/1
   751 | D:2      | Reached XP level 3. HP: 30/30 MP: 2/2
  1354 | D:3      | Reached skill level 5 in Long Blades
  1362 | D:3      | Reached XP level 4. HP: 33/37 MP: 3/3
  1365 | D:3      | Reached skill level 1 in Armour
  1925 | D:4      | Reached XP level 5. HP: 41/45 MP: 4/4
  1970 | D:4      | Found a basalt altar of Yredelemnul.
  1973 | D:4      | Found a shimmering blue altar of Sif Muna.
  2010 | D:4      | Found a snail-covered altar of Cheibriados.
  2135 | D:4      | You fall into a shaft and drop 2 floors!
  2176 | D:6      | Noticed a centaur
  2182 | D:6      | Identified the +9 war axe of Uskayaw's Indignation {vamp,
                  | Fragile rC+ rCorr Stlth+}
  2186 | D:6      | Killed a centaur
  2223 | D:6      | Reached skill level 1 in Axes
  2223 | D:6      | Reached XP level 6. HP: 35/51 MP: 5/5
  2230 | D:6      | Reached skill level 2 in Axes
  2363 | D:6      | Found a white marble altar of Elyvilon.
  2429 | D:5      | Entered Level 5 of the Dungeon
  2441 | D:4      | Found a staircase to the Ecumenical Temple.
  2447 | D:4      | Reached skill level 3 in Axes
  2454 | Temple   | Entered the Ecumenical Temple
  2492 | Temple   | Became a worshipper of Qazlal Stormbringer
  2660 | D:4      | Found a shadowy altar of Dithmenos.
  2678 | D:4      | Reached XP level 7. HP: 58/58 MP: 6/6
  2730 | D:4      | Reached skill level 4 in Axes
  3268 | D:5      | Reached skill level 1 in Stealth
  3342 | D:5      | Found a transporter.
  3342 | D:5      | Noticed CraigForest's ghost (novice TrFi)
  3346 | D:5      | Found a transporter.
  3393 | D:5      | Reached skill level 5 in Axes
  3447 | D:5      | Reached * piety under Qazlal
  3525 | D:5      | Reached skill level 6 in Axes
  3530 | D:5      | Noticed Blork the orc
  3537 | D:5      | Killed Blork the orc
  3565 | D:5      | Found a broken altar of Ashenzari.
  3689 | D:5      | Reached XP level 8. HP: 65/66 MP: 7/7
  3879 | D:5      | Reached skill level 7 in Axes
  3938 | D:5      | Found a hide-covered altar of Uskayaw.
  4198 | D:6      | Found a bloodstained altar of Trog.
  4198 | D:6      | Found a sacrificial altar of Ru.
  4199 | D:6      | Found a radiant altar of Vehumet.
  4301 | D:6      | Reached skill level 8 in Axes
  4417 | D:6      | Found a hazy altar of Hepliaklqana.
  4457 | D:7      | Found Ysuffub's Antique Weapon Shop.
  4474 | D:7      | Reached skill level 9 in Axes
  4517 | D:7      | Reached skill level 5 in Dodging
  4518 | D:7      | Reached ** piety under Qazlal
  4523 | D:7      | Reached skill level 5 in Fighting
  4530 | D:7      | Reached skill level 5 in Armour
  4530 | D:7      | Reached XP level 9. HP: 55/74 MP: 8/8
  4551 | D:7      | Reached skill level 10 in Axes
  4562 | D:7      | Identified the +9 whip "Acarine's Bane" {speed, Fragile
                  | Int+4}
  5234 | D:8      | Noticed Gastronok
  5245 | D:8      | Killed Gastronok
  5246 | D:8      | Reached skill level 12 in Axes
  5246 | D:8      | Reached skill level 1 in Shields
  5626 | D:8      | Noticed a two-headed ogre
  5632 | D:8      | Killed a two-headed ogre
  5633 | D:8      | Reached skill level 13 in Axes
  5633 | D:8      | Reached XP level 10. HP: 42/84 MP: 9/9
  5717 | D:8      | Noticed Joseph
  5722 | D:8      | Killed Joseph
  6351 | D:9      | Found Romera's Antique Weapon Shoppe.
  6379 | D:9      | Noticed a death yak
  6390 | D:9      | Noticed a death yak
  6394 | D:9      | Killed a death yak
  6397 | D:9      | Reached skill level 14 in Axes
  6401 | D:9      | Noticed a death yak
  6403 | D:9      | Noticed Pikel
  6405 | D:9      | Killed a death yak
  6418 | D:9      | HP: 4/86 [troll (10)]
  6419 | D:9      | HP: 1/129 [death yak (6)]
  6419 | D:9      | Slain by a troll

Illustrated notes

Levels and vault maps discovered:
D:1:      onia_arrival_mini_spirals, layout_basic, serial_forest,
          infiniplex_forest_lined_room_2, infiniplex_forest_straight_4,
          infiniplex_forest_clump_C, infiniplex_forest_straight_2,
          infiniplex_forest_clump_long, infiniplex_forest_lined_room_2,
          infiniplex_forest_pool
D:2:      layout_basic
D:3:      layout_basic, minmay_unequal
D:4:      layout_layer_cave, slow_altar_2, grunt_dithmenos_smoke,
          nicolae_overflow_squiral, minmay_temple_entry_junction, minivault_25,
          minivault_27, minivault_25
D:5:      layout_cave_pods, lemuel_tele_altar,
          nicolae_uskayaw_murder_on_the_dancefloor, gammafunk_ghost_arena,
          uniq_blork_the_orc
D:6:      layout_gridville, nicolae_overflow_quartered_altars, elyvilon_altar_1
D:7:      layout_rooms, serial_shops, shop, minmay_starry_boxes
D:8:      layout_loops_corners, uniq_joseph, uniq_gastronok
D:9:      minmay_polygon_palace, layout_rooms, dpeg_lair_monsters, orc_david_3,
          serial_shops, nicolae_shop_back_alley_shop, hangedman_decor_opposing,
          uniq_pikel, uniq_erolcha
Temple:   jpeg_temple_alley_garden

Skill      XL: |  1  2  3  4  5  6  7  8  9 10 |
---------------+-------------------------------+-----
Long Blades    | 4 5 6 |  6.4
Armour         | 2 3 5 6 |  6.5
Fighting       | 3 4 5 6 7 |  7.2
Dodging        | 4 5 |  5.8
Axes           | 1 3 6 9 13 14 | 14.7
Stealth        | 1 |  1.0
Shields        | 1 3 |  3.9
Throwing       | |  2.4

Action                     |  1- 3 |  4- 6 |  7- 9 | 10-12 || total
---------------------------+-------+-------+-------+-------++-------
  Melee: Long sword        |    78 |    61 |       |       ||   139
         Headbutt          |    13 |    18 |    29 |     9 ||    69
         War axe           |       |    35 |   147 |    51 ||   233
         Punch             |       |     2 |     3 |       ||     5
  Throw: Dart              |       |     1 |       |       ||     1
         Boomerang         |       |       |     4 |     3 ||     7
    Use: Scroll            |     5 |     1 |     6 |       ||    12
         Potion            |       |       |       |     3 ||     3
   Stab: Sleeping          |       |     2 |     1 |       ||     3
 Armour: Leather armour    |    29 |    23 |     1 |       ||    53
         Ring mail         |       |       |    39 |    15 ||    54
  Dodge: Dodged            |    52 |    68 |    74 |    34 ||   228
  Block: Other             |       |       |     6 |       ||     6
         Buckler           |       |       |    13 |    19 ||    32

Table legend: (Time is in decaauts)
 A = Elapsed time spent in this place.
 B = Non-inter-level travel time spent in this place.
 C = Inter-level travel time spent in this place.
 D = Time resting spent in this place.
 E = Time spent auto-exploring this place.
 F = Levels seen in this place.
 G = Mean time per level.
                   A        B        C        D        E       F      G
               +--------+--------+--------+--------+--------+-----+--------+
         Total |   6463 |   5326 |   1137 |      0 |   4094 |  10 |  646.3 |
       Dungeon |   6387 |   5322 |   1065 |      0 |   4094 |   9 |  709.7 |
        Temple |     75 |      3 |     72 |      0 |      0 |   1 |   75.0 |
               +--------+--------+--------+--------+--------+-----+--------+

Top non-repeatable levels by time:
     D:8: 1217 daAuts
     D:4: 1042 daAuts
     D:5: 824 daAuts
     D:3: 764 daAuts
     D:6: 698 daAuts
     D:7: 639 daAuts
     D:1: 588 daAuts
     D:2: 514 daAuts
     D:9: 97 daAuts
  Temple: 75 daAuts
